 Dungeon Sprint DCSS version 0.24.0-123-gd5b16e6ec5 (webtiles) character file.

Game seed: 12129538692865850804, levelgen mode: deterministic

263 Ponchio the Geomancer (level 5, -10/28 HPs)
             Began as a Deep Elf Earth Elementalist on Feb 9, 2020.
             Mangled by a slime creature (20 damage)
             ... in the Dungeon (Sprint I: "Red Sonja").
             The game lasted 00:02:47 (469 turns).

Ponchio the Geomancer (Deep Elf Earth Elementalist)  Turns: 469, Time: 00:02:47

Health: -10/28     AC:  2    Str:  5    XL:     5   Next: 98%
Magic:  8/19       EV: 13    Int: 21    God:
Gold:   162        SH:  0    Dex: 15    Spells: 8/23 levels left

rFire    . . .     SeeInvis .   (no weapon)
rCold    . . .     Gourm    .   (no shield)
rNeg     . . .     Faith    .   c - +0 robe
rPois    .         Spirit   .   (no helmet)
rElec    .         Reflect  .   (no cloak)
rCorr    .         Harm     .   (no gloves)
MR       .....     NoTele   +   (no boots)
Stlth    ++........             (no amulet)
HPRegen  0.09/turn              (no ring)
MPRegen  0.16/turn              (no ring)

@: no status effects
A: no striking features
a: no special abilities


You were in the Dungeon.
You were not hungry.

You visited 1 branch You collected 162 gold pieces.

Inventory:

Missiles
 b - 22 stones (quivered)
Armour
 c - a +0 robe (worn)
Wands
 a - a wand of random effects (21)
Scrolls
 j - a scroll of blinking
Potions
 e - a potion of curing
 f - a potion of heal wounds
 g - a potion of haste
 h - 2 potions of magic
Comestibles
 d - a ration


   Skills:
 - Level 2.4 Dodging
 - Level 2.4 Stealth
 + Level 9.8 Spellcasting
 - Level 1.1 Transmutations
 * Level 11.3 Earth Magic


You had 8 spell levels left.
You knew the following spells:

 Your Spells              Type           Power        Failure   Level  Hunger
a - Sandblast             Erth           ######       1%          1    None
b - Passwall              Tmut/Erth      #####...     1%          2    None
c - Stone Arrow           Conj/Erth      ####..       1%          3    None
d - Petrify               Tmut/Erth      #####...     4%          4    ##.....
e - Lee's Rapid Deconstr  Erth           ######....   1%          5    ####...

Your spell library contained the following spells:

 Spells                   Type           Power        Failure   Level  Hunger


Dungeon Overview and Level Annotations

Branches:
Dungeon (1/1)

Altars:
Makhleb
Xom
Jiyva
Lugonu


Message History

Casting: Sandblast (safe; 1% risk of failure)
Confirm with . or Enter, or press ? or * to list all spells.
Aiming: Lee's Rapid Deconstruction (safe; 1% risk of failure)
Press: ? - help, Dir - move target cursor, p - slime creature A rock wall.
The wall shatters!
The blast of rock fragments hits the slime creature!
The slime creature is heavily wounded.
The slime creature hits you.
Casting: Lee's Rapid Deconstruction (safe; 1% risk of failure)
Confirm with . or Enter, or press ? or * to list all spells.
Aiming: Lee's Rapid Deconstruction (safe; 1% risk of failure)
Press: ? - help, Dir - move target cursor A rock wall.
The wall shatters!
The blast of rock fragments hits the slime creature!!
The slime creature is almost dead.
The slime creature hits you!!
Ouch! That really hurt!
You die...

################ ##
#<.#..+).#.)'..#__#
#..[..#..+..#@J'^.+
#..#####+#####+#__#
#..# #..# ## #..#
#### #..# #⌠⌠# ####


You could see a slime creature.

Vanquished Creatures
  Sigmund (D)
  An ogre (D)
  Ijyb (D)
3 creatures vanquished.

Notes
Turn   | Place    | Note
-------+----------+-------------------------------------------
     0 | D        | Ponchio the Deep Elf Earth Elementalist began the quest for
                  | the Orb.
     0 | D        | Reached XP level 1. HP: 10/10 MP: 6/6
     2 | D        | Noticed Ijyb
     7 | D        | Killed Ijyb
     7 | D        | Reached skill level 5 in Spellcasting
     7 | D        | Reached skill level 6 in Earth Magic
     7 | D        | Reached XP level 2. HP: 15/15 MP: 7/10
    47 | D        | Learned a level 2 spell: Passwall
    48 | D        | Noticed an ogre
    52 | D        | Killed an ogre
    52 | D        | Reached skill level 8 in Earth Magic
    52 | D        | Reached XP level 3. HP: 7/19 MP: 7/14
    52 | D        | Reached XP level 4. HP: 9/24 MP: 7/15
   242 | D        | Learned a level 3 spell: Stone Arrow
   247 | D        | Learned a level 4 spell: Petrify
   248 | D        | Noticed Sigmund
   251 | D        | Killed Sigmund
   251 | D        | Reached skill level 11 in Earth Magic
   251 | D        | Reached XP level 5. HP: 21/28 MP: 13/19
   331 | D        | Learned a level 5 spell: Lee's Rapid Deconstruction
   465 | D        | Found a burning altar of Makhleb.
   465 | D        | Found a viscous altar of Jiyva.
   465 | D        | Found a shimmering altar of Xom.
   465 | D        | Found a corrupted altar of Lugonu.
   465 | D        | Noticed a slime creature
   469 | D        | Mangled by a slime creature

Levels and vault maps discovered:
D:        dungeon_sprint_1 [red_sonja_temple_1, red_sonja_temple_small_1]

Skill      XL: |  1  2  3  4 |
---------------+-------------+-----
Spellcasting   | 5 7 9 |  9.8
Earth Magic    | 6 8 11 | 11.3
Dodging        | |  2.4
Stealth        | |  2.4
Transmutations | |  1.1

Action                   |  1- 3 |  4- 6 || total
-------------------------+-------+-------++-------
Melee: Unarmed           |     4 |       ||     4
 Cast: Sandblast         |     3 |     5 ||     8
       Lee's Rapid Decon |       |     2 ||     2
  Use: Potion            |     1 |       ||     1
Armor: Robe              |     1 |       ||     1
Dodge: Dodged            |     2 |       ||     2
